[Event "Magistral Punta del Este 2025"]
[Site "Punta Ballena Maldonado"]
[Date "2025.03.15"]
[Round "1.1"]
[White "Mareco, Sandro"]
[Black "Flores, Diego"]
[Result "1-0"]
[Annotator "TA"]
[ECO "C50"]
[WhiteElo "2591"]
[BlackElo "2551"]
[PlyCount "65"]
[EventDate "2025.03.13"]
[EventType "tourn"]
[EventCountry "URU"]
[SourceTitle "playchess.com"]
[Source "ChessBase"]
[SourceQuality "1"]
[TimeControl "5400+30"]

1. e4 e5 2. Nf3 Nc6 3. Bc4 Bc5 4. d3 Nf6 5. Bg5 h6 6. Bh4 Be7 {[%emt 0:01:42] C50: Hungarian Defence and Giuoco Pianissimo.} 7. c3 O-O 8. a4 d6 {[%emt 0:12:03] The position is equal.} 9. Nbd2 Nh5 10. Bg3 g6 11. h3 a5 12. Bh2 Bf6 $146 (12... Bg5 13. Nf1 Be6 14. Bxe6 fxe6 15. Nxg5 Qxg5 16. Ne3 Nf4 17. Bg3 Kg7 18. O-O Rf7 {0-1 Firouzja,A (2759)-Artemiev,V (2704) Goldmoney Asian Prelim rapid 2021 (5.4)}) 13. Qb3 Nb8 14. O-O Bg7 15. d4 Nd7 16. Bb5 Qe7 17. Rfe1 Nhf6 18. Rad1 Re8 19. Qc2 {[%emt 0:06:23] White has more active pieces.} (19. Nc4 $16) 19... Nh7 20. Bg3 Ng5 21. Kh1 Bf6 22. Nh2 c6 23. Bf1 h5 $2 {[%emt 0:05:11] [#]} (23... Nb6 $14) 24. f4 (24. Nc4 $1 $18 {is more deadly.}) 24... exf4 $16 25. Bxf4 Bg7 $2 {[%emt 0:00:19] [#]} (25... Ne6 $16) 26. Nc4 $1 $18 d5 (26... Qf6 {was necessary.}) 27. exd5 {[%emt 0:00:36] White is clearly winning.} Qxe1 28. Rxe1 ({Less strong is} 28. Bxg5 Qg3 29. Qd2 cxd5 $14) 28... Rxe1 29. Bxg5 cxd5 30. Nd6 {[%emt 0:03:38] And now Qf2 would win.} Bf8 {[%emt 0:01:05] [#]} (30... Nf6 $142 31. Bh4 (31. Qf2 Re6 $18) 31... Re6 32. Nxc8 Rxc8) 31. Nxf7 $1 Rxf1+ 32. Nxf1 Kxf7 33. Ne3 {[%emt 0:00:07] Weighted Error Value: White=0.17 (very precise) /Black=0.57  Loses game:     	---       	Black=2      Mistake:       	White=2     	Black=1      Inaccurate:     	---       	Black=3      OK:         	White=5     	Black=6      Best:        	White=1     	Black=1      Strong:       	White=1     	---} 1-0

[Event "Magistral Punta del Este 2025"]
[Site "Punta Ballena Maldonado"]
[Date "2025.03.15"]
[Round "1.2"]
[White "Cuenca Jimenez, Jose Fernando"]
[Black "Galaviz Medina, Sion Radamantys"]
[Result "1-0"]
[Annotator "TA"]
[ECO "E36"]
[WhiteElo "2479"]
[BlackElo "2501"]
[PlyCount "53"]
[EventDate "2025.03.13"]
[EventType "tourn"]
[EventCountry "URU"]
[SourceTitle "playchess.com"]
[Source "ChessBase"]
[SourceQuality "1"]
[TimeControl "5400+30"]

1. d4 Nf6 2. c4 e6 3. Nc3 Bb4 4. Qc2 d5 5. a3 Bxc3+ 6. Qxc3 O-O {[%emt 0:00:04] outshines the older 6...Ne4.} 7. Nf3 b6 {[%emt 0:15:33] E36: Nimzo-Indian: Classical: 4...d5 5 a3.} 8. Bg5 dxc4 9. Qxc4 Ba6 {[%emt 0:00:36] The position is equal.} 10. Qa4 h6 11. Bh4 Qe7 12. g4 $146 ({Predecessor:} 12. Rc1 c5 13. dxc5 Rc8 14. c6 b5 15. Qa5 Qc7 16. Qxc7 Rxc7 17. Ne5 g5 18. Bg3 {½-½ Indjic,A (2604)-Nakamura,H (2736) Titled Tuesday intern op 22nd Feb Early blitz 2022 (10)}) 12... Bb7 13. g5 hxg5 14. Bxg5 Qd7 15. Qc2 {[%emt 0:02:55] [#]} (15. Qxd7 {simplifies} Nbxd7 16. Rg1 Rfc8 17. Rc1) 15... Bxf3 $1 16. exf3 {[%emt 0:00:12] And now Bxf6 would win.} Qxd4 17. Rg1 Nh5 (17... Rd8 $15 {keeps the upper hand.}) 18. Be2 $16 f5 $2 {[%emt 0:00:35] Prevents Qe4. Loses the game.} ({Black should try} 18... c6 $14) 19. Rd1 $18 (19. Qxc7 Qxb2 20. Rd1 Qxa3) 19... Qc5 {[%emt 0:00:03] [#]} (19... Qe5 20. Qc4 Qxb2) 20. Qb3 $1 {[%emt 0:05:08] Active counter play!} Nc6 21. Qxe6+ Rf7 {[%emt 0:00:00] Black is weak on the light squares} 22. Be3 {[%emt 0:03:03] Dodges Nd4. A strong pair of Bishops.} Qc2 23. Bd3 Qxb2 (23... Qa4 24. b3 (24. Bxf5 Qa5+ 25. Kf1 Qxf5 $14) 24... Qa5+ 25. b4 Qxa3 26. Qxc6 Rd8) 24. Qxc6 {[%emt 0:00:34] White is clearly winning.} Rd8 25. Bc4 Qc3+ 26. Bd2 Qe5+ 27. Kf1 {[%emt 0:00:11] Weighted Error Value: White=0.24 (precise) /Black=0.53  Loses game:     	---       	Black=1      Mistake:       	---       	Black=3      Inaccurate:     	White=2     	Black=2      OK:         	White=8     	Black=8      Best:        	White=3     	---        Strong:       	White=1     	Black=1} 1-0

[Event "Magistral Punta del Este 2025"]
[Site "Punta Ballena Maldonado"]
[Date "2025.03.15"]
[Round "1.3"]
[White "Rodriguez Vila, Andres"]
[Black "Oro, Faustino"]
[Result "1/2-1/2"]
[Annotator "TA"]
[ECO "A05"]
[WhiteElo "2429"]
[BlackElo "2447"]
[PlyCount "143"]
[EventDate "2025.03.13"]
[EventType "tourn"]
[EventCountry "URU"]
[SourceTitle "playchess.com"]
[Source "ChessBase"]
[SourceQuality "1"]
[TimeControl "5400+30"]

1. Nf3 Nf6 2. g3 b5 3. e3 c6 4. d4 $146 (4. c4 a6 5. b3 d5 6. Bg2 e6 7. O-O Be7 8. d4 O-O 9. c5 Nfd7 10. a4 bxa4 11. Rxa4 {1-0 Hammer,J (2628)-Karttunen,M (2450) Nordic-ch Sastamala 2016 (4)}) 4... d5 5. a4 b4 6. c4 {[%emt 0:00:29] A05: Réti Opening: 1 Nf3 Nf6.} bxc3 7. bxc3 e6 8. Nbd2 Be7 9. Ba3 O-O 10. Bd3 Bxa3 11. Rxa3 Qe7 12. Qc1 Nbd7 13. c4 dxc4 14. Nxc4 c5 15. Na5 {[%emt 0:04:54] Prevents Bb7} cxd4 16. Nxd4 Ne5 17. Ndc6 {[%emt 0:17:11] Prevents Qb4+.} Qd6 18. Nxe5 Qxe5 19. Qc3 Qh5 (19... Qxc3+ {simplifies} 20. Rxc3 Bd7 21. Ke2 Bxa4 22. Ra1 Bd7) 20. Be2 ({White should try} 20. O-O $11) 20... Qh3 $1 $15 21. Bf3 Rb8 22. Rb3 Bd7 23. Rxb8 $1 Rxb8 24. Nc6 Bxc6 (24... Rb1+ $15 25. Ke2 Rxh1 26. Bxh1 Qg4+ (26... Qxh2 27. Bf3 $15) 27. Bf3 Qxa4) 25. Qxc6 $11 h6 26. Bg2 $1 $36 {[%emt 0:02:06][%mdl 2048] White is more active.} Qf5 {[%emt 0:02:53] ( -> ...Qb1+)} (26... Rb1+ 27. Kd2 Qf5 (27... Rb2+ $2 28. Kc1 $18) 28. Rxb1 Qxb1 29. Bf3 $15) 27. O-O a5 28. h3 h5 29. Rc1 Rb2 30. Qf3 {[%emt 0:00:27] Successful Defense White} Rb1 31. Rxb1 Qxb1+ {[%emt 0:00:02][%mdl 4096] Endgame KQB-KQN} 32. Bf1 {[%emt 0:01:37] aiming for Qa8+.} Qb4 33. Bb5 Qd2 34. Kg2 Qd8 35. Bc6 Qd6 36. Bb7 Qb4 37. Bc6 Qd6 38. Bb5 Qd8 39. Qb7 g6 40. Bc6 Kg7 41. Bf3 Qd2 42. Qb5 Qc3 43. g4 hxg4 44. hxg4 Ng8 45. Qb7 Nh6 46. Be2 Ng8 47. g5 Qe5 48. Qb5 $1 Qc7 49. Qb2+ e5 50. f4 Qc6+ (50... f6 $11) 51. Kf2 $14 Qxa4 52. Qxe5+ Kf8 {[%emt 0:00:50] [#]} 53. Qd5 $1 Ne7 54. Qd8+ Qe8 55. Qxa5 Nf5 56. Qc3 Kg8 {[%emt 0:00:06] Against Qh8+} 57. Bf3 {[%emt 0:01:09] Against Qa8} Qe6 58. Qd2 {[%emt 0:01:13] Dodges Qa2} Qe7 59. Bd5 Qc5 60. Bb3 Qb6 61. Qc3 {[%emt 0:00:23] Prevents Qxb3} Qb7 62. Qd3 Qh1 (62... Kg7 $142) 63. Qd8+ $16 Kh7 {[%emt 0:00:01] [#] aiming for ...Qh2+.} 64. Qe8 {[%emt 0:00:20] Active counter play!} ({But not} 64. Bxf7 $6 Qh2+ 65. Ke1 (65. Kf3 Qh3+ 66. Ke2 Qxe3+ 67. Kd1 Qg1+ 68. Kc2 Qf2+ 69. Kb1 Qf1+ 70. Kb2 Qf2+ 71. Kb1 Qg1+ 72. Kc2 Nd4+ 73. Kb2 Qg2+ 74. Ka1 Qf1+ 75. Ka2 Qa6+ 76. Kb2 Qb7+ 77. Kc1 Qc6+ 78. Kb2 Qc2+ 79. Ka3 Qc5+ 80. Kb2 Qc2+ 81. Ka3 Qc3+ 82. Ka2 Qd2+ 83. Kb1 Qd3+ 84. Ka2 Qa6+ 85. Kb2 Qe2+ 86. Ka1 Qd1+ 87. Kb2 Qd2+ 88. Kb1 Qd3+ 89. Kb2 Qc2+ $11) 65... Qg1+ (65... Nxe3 66. Qg8#) 66. Ke2 Qxe3+ (66... Nxe3 67. Qg8#) 67. Kd1 Qf3+ 68. Kc2 Qf2+ (68... Qxf4 69. Qg8#) 69. Kb1 Qe1+ 70. Kc2 Nd4+ 71. Qxd4 Qc3+ 72. Qxc3 $11) (64. Qd5 $1 $16 Qh2+ 65. Qg2 Qxg2+ 66. Kxg2 Nxe3+ 67. Kf3) 64... Qh2+ $11 {[%emt 0:00:37] The position is equal.} 65. Ke1 Qg1+ 66. Ke2 Qg2+ 67. Kd3 Qf1+ 68. Kc2 Qe2+ 69. Kb1 Qe1+ 70. Kb2 Qd2+ 71. Kb1 Qe1+ 72. Kb2 {[%emt 0:00:14] Weighted Error Value: White=0.04 (flawless) /Black=0.06 (flawless)   Mistake:       	White=2     	Black=3      Inaccurate:     	White=1     	---        OK:         	White=18    	Black=34     Best:        	White=4     	Black=5      Strong:       	White=4     	Black=1} 1/2-1/2

[Event "Magistral Punta del Este 2025"]
[Site "Punta Ballena Maldonado"]
[Date "2025.03.15"]
[Round "2.1"]
[White "Flores, Diego"]
[Black "Oro, Faustino"]
[Result "0-1"]
[Annotator "ChessBase"]
[ECO "A13"]
[WhiteElo "2551"]
[BlackElo "2447"]
[PlyCount "120"]
[EventDate "2025.03.13"]
[EventType "tourn"]
[EventCountry "URU"]
[SourceTitle "playchess.com"]
[Source "ChessBase"]
[SourceQuality "1"]
[TimeControl "5400+30"]

1. Nf3 d5 2. e3 Nf6 3. c4 e6 4. b3 Bd6 5. Bb2 b6 6. g4 O-O 7. g5 Ne4 8. h4 dxc4 9. bxc4 Bb7 10. Bg2 Nd7 11. d3 Nec5 12. d4 Ne4 13. O-O f6 14. c5 bxc5 15. Nc3 Qe8 16. Ne1 Nxc3 17. Bxc3 Bxg2 18. Nxg2 cxd4 19. Qxd4 Be5 20. Qc4 Kh8 21. f4 Nb6 22. Qb3 Bd6 23. Rac1 Rb8 24. Bd4 e5 25. Ba1 Qd7 26. Qd1 Qh3 27. Rf3 Qe6 28. Rf2 exf4 29. exf4 Qf5 30. Qc2 fxg5 31. hxg5 Nd5 32. Qxf5 Rxf5 33. Be5 Bxe5 34. fxe5 Rxe5 35. g6 hxg6 36. Nh4 Kh7 37. Rh2 Rh5 38. Nf3 Rxh2 39. Kxh2 Kg8 40. Rc5 Rb2+ 41. Kg3 Ne7 42. Rxc7 Nf5+ 43. Kf4 Rxa2 44. Ng5 Ra4+ 45. Ke5 Ra5+ 46. Kf4 Nd6 47. Rc6 Rf5+ 48. Kg4 Rd5 49. Rc7 a5 50. Ra7 Re5 51. Ra8+ Ne8 52. Kf4 Rf5+ 53. Kg4 Kf8 54. Ra7 Rb5 55. Ne6+ Kg8 56. Re7 Nf6+ 57. Kh4 Re5 58. Rxg7+ Kh8 59. Re7 g5+ 60. Kg3 a4 0-1

[Event "Magistral Punta del Este 2025"]
[Site "Punta Ballena Maldonado"]
[Date "2025.03.15"]
[Round "2.2"]
[White "Galaviz Medina, Sion Radamantys"]
[Black "Rodriguez Vila, Andres"]
[Result "0-1"]
[Annotator "ChessBase"]
[ECO "A90"]
[WhiteElo "2501"]
[BlackElo "2429"]
[PlyCount "140"]
[EventDate "2025.03.13"]
[EventType "tourn"]
[EventCountry "URU"]
[SourceTitle "playchess.com"]
[Source "ChessBase"]
[SourceQuality "1"]
[TimeControl "5400+30"]

1. d4 e6 2. c4 d5 3. Nc3 f5 4. Nf3 Nf6 5. g3 c6 6. Bg2 Bd6 7. O-O O-O 8. b3 Nbd7 9. Bb2 b6 10. cxd5 exd5 11. Qc2 Qe7 12. Qxf5 Ne4 13. Qh5 Ndf6 14. Qh4 Nxc3 15. Bxc3 Qxe2 16. Rfe1 Qc2 17. Rec1 Qf5 18. Qg5 Ne4 19. Qxf5 Bxf5 20. Be1 c5 21. dxc5 Bxc5 22. Rd1 Bg4 23. Rd3 a5 24. h3 Bf5 25. Rxd5 Rae8 26. g4 Bc8 27. Rc1 Bb7 28. Re5 Ng3 29. Rxe8 Rxe8 30. Rd1 Ne2+ 31. Kh2 Nf4 32. Bh1 h6 33. h4 Ba6 34. Bc3 Nd3 35. Rd2 Bd6+ 36. Kg1 Re4 37. Bg2 Rxg4 38. Nh2 Rxh4 39. Nf1 Bc5 40. Ne3 Rh5 41. Bd5+ Kf8 42. Be4 Nf4 43. Bb2 Ne2+ 44. Kg2 Rg5+ 45. Kh2 Bb4 46. Rd7 Bb5 47. Rd1 Nc3 48. Bxc3 Bxc3 49. Nd5 Be5+ 50. f4 Bd6 51. Kh1 Rh5+ 52. Kg2 Bc6 53. Kf3 Rh3+ 54. Kg2 Rh4 55. Kf3 b5 56. Rd4 g5 57. fxg5 hxg5 58. Rd2 g4+ 59. Ke3 g3 60. Rc2 Bb7 61. Bf3 Rh6 62. Kd3 Rh3 63. Bg2 Rh2 64. Kd4 Kf7 65. Re2 b4 66. Rc2 Rh4+ 67. Ke3 Bb8 68. Kd3 Be5 69. Ke3 Rh2 70. Ke4 Rxg2 0-1

[Event "Magistral Punta del Este 2025"]
[Site "Punta Ballena Maldonado"]
[Date "2025.03.15"]
[Round "2.3"]
[White "Mareco, Sandro"]
[Black "Cuenca Jimenez, Jose Fernando"]
[Result "1-0"]
[Annotator "ChessBase"]
[ECO "D35"]
[WhiteElo "2591"]
[BlackElo "2479"]
[PlyCount "48"]
[EventDate "2025.03.13"]
[EventType "tourn"]
[EventCountry "URU"]
[SourceTitle "playchess.com"]
[Source "ChessBase"]
[SourceQuality "1"]
[TimeControl "5400+30"]

1. d4 Nf6 2. c4 e6 3. Nc3 d5 4. cxd5 exd5 5. Bg5 Bb4 6. e3 h6 7. Bh4 g5 8. Bg3 h5 9. Qb3 c5 10. dxc5 Nc6 11. O-O-O Be6 12. Nf3 h4 13. Bd6 d4 14. Bc4 Bxc4 15. Qxc4 dxc3 16. Nxg5 cxb2+ 17. Kxb2 Qd7 18. Qf4 Rh6 19. Bf8 Qg4 20. Bxh6 Qe2+ 21. Kb3 Bxc5 22. Qxf6 Qb5+ 23. Kc2 Nb4+ 24. Kb1 Nc6+ 1-0